 Dungeon Crawl Stone Soup version 0.29.0-7-g18a832c13a (webtiles) character file.

Game seed: 16591286570982875696

37749 SensoryNuts the Fencer (level 13, -2/70 HPs)
             Began as a Demonspawn Fighter on Sept 1, 2022.
             Was a Plaything of Xom.
             Slain by a death yak (18 damage)
             ... on level 5 of the Lair of Beasts.
             The game lasted 00:23:43 (21704 turns).

SensoryNuts the Fencer (Demonspawn Fighter)        Turns: 21704, Time: 00:23:44

Health: -2/70      AC: 16    Str: 18    XL:     13   Next: 60%
Magic:  13/13      EV: 12    Int: 12    God:    Xom [......]
Gold:   1153       SH:  0    Dex: 31    Spells: 12/12 levels left

rFire   + . .      SeeInvis .   a - +5 long sword (flame)
rCold   . . .      Faith    .   c - +0 buckler
rNeg    . . .      Spirit   .   K - +0 plate armour
rPois   .          Reflect  .   I - +0 hat {Int+3}
rElec   .          Harm     .   r - +0 cloak
rCorr   .          Rampage  .   m - +0 pair of gloves
Will    +....                   (no boots)
Stlth   ..........              M - amulet of regeneration
HPRegen 1.01/turn               B - +6 ring of dexterity
MPRegen 0.13/turn               b - +6 ring of dexterity

@: confused, mighty, ambrosia-drunk, unable to read
A: demonic guardian 2, powered by pain 2, sturdy frame 2, weakness stinger 1,
horns 1, thin skeletal structure 1, fire resistance 1, frail 3, strong-willed 1,
screaming 1, inability to read after injury 1
a: Renounce Religion


You were on level 5 of the Lair of Beasts.
You worshipped Xom.
You were a very special plaything of Xom.
You visited 3 branches of the dungeon, and saw 17 of its levels.

You collected 1153 gold pieces.

Inventory:

Hand Weapons
 a - a +5 long sword of flaming (weapon)
 s - the +7 Throatcutter {drain, coup de grace}
   (You found it on level 3 of the Dungeon)

   A truly terrible weapon, it drains the life of any living foe it strikes.
   It may instantly kill foes which have little health.
Missiles
 v - 4 throwing nets
Armour
 c - a +0 buckler (worn)
 m - a +0 pair of gloves (worn)
 r - a +0 cloak (worn)
 I - a +0 hat of intelligence (worn)
 K - a +0 plate armour (worn)
Jewellery
 b - a +6 ring of dexterity (right hand)
 B - a +6 ring of dexterity (left hand)
 J - an amulet of reflection
 M - an amulet of regeneration (around neck)
Wands
 f - a wand of polymorph (2)
 t - a wand of iceblast (17)
 u - a wand of flame (76)
 x - a wand of charming (6)
Scrolls
 d - a scroll of identify
 e - 5 scrolls of immolation
 l - 3 scrolls of vulnerability
 o - a scroll of poison
 p - 3 scrolls of teleportation
 y - 2 scrolls of amnesia
 H - a scroll of fear
 R - a scroll of fog
Potions
 g - a potion of resistance
 h - 4 potions of degeneration
 j - 2 potions of flight
 n - 4 potions of lignification
 D - 3 potions of magic
 E - 2 potions of curing
 G - 3 potions of ambrosia
 Q - a potion of brilliance
 S - a potion of mutation
Miscellaneous
 w - a phantom mirror (quivered)


   Skills:
 + Level 9.4 Fighting
 * Level 15.6 Long Blades
 + Level 9.0 Armour
 + Level 5.8 Dodging
 + Level 4.4 Stealth
 + Level 7.3 Shields
 + Level 0.7 Evocations


You had 12 spell levels left.
You didn't know any spells.
Your spell library contained the following spells:

 Spells                   Type           Power      Damage    Failure   Level
 Magic Dart               Conj           0%         1d3       96%         1
 Ensorcelled Hibernation  Hex/Ice        0%         N/A       99%         2
 Passwall                 Tmut/Erth      0%         N/A       99%         2
 Searing Ray              Conj           0%         2d4       99%         2
 Sublimation of Blood     Necr           0%         N/A       99%         2
 Gell's Gravitas          Tloc           0%         N/A       100%        3
 Stone Arrow              Conj/Erth      0%         3d7       100%        3
 Swiftness                Air            0%         N/A       100%        3
 Teleport Other           Tloc           0%         N/A       100%        3
 Fulminant Prism          Conj/Hex       0%         3d6       100%        4
 Iskenderun's Mystic Bla  Conj/Tloc      0%         2d3       100%        4
 Petrify                  Tmut/Erth      0%         N/A       100%        4
 Irradiate                Conj/Tmut      0%         3d11      100%        5
 Lee's Rapid Deconstruct  Erth           0%         3d5*      100%        5
 Dispersal                Tloc           0%         N/A       100%        6


Dungeon Overview and Level Annotations

Branches:
Dungeon (11/15)            Temple (1/1) D:5            Lair (5/5) D:11
 Shoals (0/4) Lair:2       Spider (0/4) Lair:3        Slime (0/5) Lair:4
    Orc: D:9-12

Altars:
Ashenzari
Cheibriados
Dithmenos
Fedhas
Gozag
Hepliaklqana
Kikubaaqudgha
Makhleb
Nemelex Xobeh
Okawaru
Qazlal
Ru
Sif Muna
Trog
Uskayaw
Vehumet
Wu Jian
Xom
Yredelemnul
Jiyva

Shops:
D:6 [*?(   D:9 [

Annotations:
D:1 1 transporter


Innate Abilities, Weirdness & Mutations

A demonic guardian rushes to your aid.
You sometimes gain power by taking damage.
Your movements are less encumbered by armour. (ER -4)
You have a small tail.
You have a pair of small horns on your head.
You have a somewhat thin skeletal structure. (Dex +2, Stealth+)
Your flesh is heat resistant. (rF+)
You are extremely frail. (-30% HP)
You are strong-willed. (Will+)
You occasionally shout uncontrollably at your foes.
You occasionally lose the ability to read scrolls when taking damage.


Message History

The death yak is moderately wounded.
Your smoke demon hits the death yak.
Your smoke demon hits the death yak but does no damage.
Your smoke demon hits the death yak.
Unknown command.
You slash the death yak! You burn the death yak. You tail-slap the death yak.
The death yak is severely wounded.
The death yak gores you.
Your smoke demon hits the death yak but does no damage. x3
Unknown command.
You hit the death yak but do no damage. You headbutt the death yak.
You tail-slap the death yak.
The death yak is almost dead.
The death yak gores you.
Unknown command.
You slice the death yak!! You burn the death yak.
You kill the death yak!
Your smoke demon hits the death yak.
Your smoke demon barely misses the death yak. x2
The death yak gores you!
You feel threatened and lose the ability to read scrolls!
Your Armour skill increases to level 9!
Unknown command.
You are too injured to fight recklessly!
Unknown command.
You are confused.
You feel invigorated.
Your smoke demon hits the death yak but does no damage.
Your smoke demon hits the death yak.
Your smoke demon barely misses the death yak.
The death yak gores you!!
* * * LOW HITPOINT WARNING * * *
A demonic guardian appears!
The ice encasing you melts away.
Your smoke demon hits the death yak but does no damage.
Your smoke demon barely misses the death yak.
Your smoke demon hits the death yak but does no damage.
The death yak closely misses you. The death yak gores you!!
You die...
Xom laughs nastily!

#.... #.#......##...
#....####.....#..#... .
##..#.##.......###....
..#..............#....##
................###.=...
...............#.....###
.......k3....###.....(#
......YY.....##.....###
.....YY@..4.###.:.###
..........##....###
...........#...P#
.....#...#.....##
...#..........#.# ..
#.........#### .
.....#.#..# ....#..##.#
# ## ###


You could see 3 death yaks, a yak, a rime drake, a friendly hellwing (summoned)
and a friendly smoke demon (summoned).

Vanquished Creatures
  Gastronok (D:11)
  The ghost of Kyusiynim the Covert, a journeyman GnEn (Lair:4)
  A catoblepas (Lair:1)
  A boulder beetle (Lair:5)
  3 hydras
  A two-headed ogre (D:11)
  A death yak (Lair:5)
  Amaemon (D:10)
  A wolf spider (Lair:3)
  An oklob plant (Lair:4)
  A manticore (D:11)
  A cyclops (D:11)
  4 black mambas (Lair:5)
  A gargoyle (D:11)
  An orange demon (D:10)
  8 cane toads
  6 komodo dragons
  A troll (D:10)
  5 polar bears
  A hornet (Lair:1)
  12 blink frogs
  3 dream sheep (Lair:4)
  5 wyverns
  44 yaks
  A vampire (D:10)
  2 redbacks (Lair:3)
  3 basilisks
  4 steam dragons
  3 acid dragons
  13 water moccasins
  6 orc warriors
  5 black bears
  2 ice beasts
  2 sky beasts
  12 wolves
  An ogre (D:6)
  4 centaurs
  A phantom (D:6)
  2 kobold brigands
  3 bullfrogs
  2 necrophages (D:6)
  6 scorpions
  7 wights
  4 killer bees (D:9)
  An electric eel (Lair:1)
  5 howler monkeys
  7 orc priests
  6 hounds
  3 jellies
  2 gnoll boudas
  Ijyb (D:5)
  11 orc wizards
  9 iguanas
  8 gnolls
  15 adders
  2 shadow imps (D:7)
  2 worms
  3 dart slugs
  36 orcs
  5 bats
  7 endoplasms
  10 giant cockroaches
  9 goblins
  10 hobgoblins
  2 jackals (D:2)
  15 kobolds
  6 quokkas
  7 ball pythons
  7 frilled lizards
  11 rats
388 creatures vanquished.

Vanquished Creatures (collateral kills)
  A two-headed ogre (D:10)
  A black mamba (Lair:3)
  3 komodo dragons
  A blink frog (Lair:5)
  2 dream sheep (Lair:4)
  7 yaks
  2 wyverns
  A steam dragon (D:6)
  A vampire mosquito (D:6)
  A water moccasin (Lair:5)
  2 wights (D:9)
  A killer bee (D:9)
  An orc priest (D:10)
  3 gnolls (D:9)
  A white imp (D:6)
  An ufetubus (D:6)
  A ball python (D:3)
30 creatures vanquished.

Vanquished Creatures (others)
  An orc priest (D:3)
  An orc wizard (D:6)
  2 orcs
  A bush (Lair:5)
  19 fungi
  50 plants
74 creatures vanquished.

Grand Total: 492 creatures vanquished

Notes
Turn   | Place    | Note
-------+----------+-------------------------------------------
     0 | D:1      | SensoryNuts the Demonspawn Fighter began the quest for the
                  | Orb.
     0 | D:1      | Reached XP level 1. HP: 18/18 MP: 1/1
   255 | D:1      | Gained mutation: A weak demonic guardian rushes to your
                  | aid. [demonic ancestry]
   255 | D:1      | Reached XP level 2. HP: 16/24 MP: 2/2
   257 | D:1      | Reached skill level 2 in Long Blades
   693 | D:1      | Found a faded altar of an unknown god.
   713 | D:1      | Gained mutation: You sometimes gain a little power by
                  | taking damage. [demonic ancestry]
   713 | D:1      | Reached XP level 3. HP: 24/29 MP: 3/3
  1112 | D:2      | You fall into a shaft and drop 1 floor!
  1431 | D:3      | Reached skill level 3 in Long Blades
  1625 | D:3      | Found a stormy altar of Qazlal.
  1742 | D:2      | Gained mutation: You sometimes gain power by taking damage.
                  | [demonic ancestry]
  1742 | D:2      | Reached XP level 4. HP: 35/35 MP: 4/4
  2749 | D:3      | Found the +7 Throatcutter {drain, coup de grace}
  2807 | D:4      | Gained mutation: Your movements are slightly less
                  | encumbered by armour. (ER -2) [demonic ancestry]
  2807 | D:4      | Reached XP level 5. HP: 31/41 MP: 5/5
  2946 | D:4      | Reached skill level 4 in Long Blades
  2950 | D:4      | Found an iron altar of Okawaru.
  3178 | D:4      | Gained mutation: A demonic guardian rushes to your aid.
                  | [demonic ancestry]
  3178 | D:4      | Reached XP level 6. HP: 48/48 MP: 6/6
  3418 | D:4      | Found a snail-covered altar of Cheibriados.
  3563 | D:4      | Reached skill level 5 in Long Blades
  3563 | D:4      | Reached skill level 1 in Dodging
  3629 | D:4      | Found a shimmering blue altar of Sif Muna.
  3662 | D:4      | Reached XP level 7. HP: 54/54 MP: 7/7
  3950 | D:5      | Entered Level 5 of the Dungeon
  3982 | D:5      | Reached skill level 6 in Long Blades
  4247 | D:5      | Found a basalt altar of Yredelemnul.
  4685 | D:5      | Found a staircase to the Ecumenical Temple.
  4718 | Temple   | Entered the Ecumenical Temple
  4828 | Temple   | Became a worshipper of Xom of Chaos
  4937 | D:5      | Noticed Ijyb
  4939 | D:5      | Killed Ijyb
  4950 | D:5      | Reached XP level 8. HP: 61/61 MP: 8/8
  5025 | D:5      | XOM: potion effect (invisibility)
  5031 | D:5      | Reached skill level 7 in Long Blades
  5220 | D:6      | Found Imaeg's Magic Scroll Emporium.
  5238 | D:6      | XOM: potion effect (brilliance)
  5459 | D:6      | Found Wubbiw's Weapon Emporium.
  5611 | D:6      | XOM: divination: magic mapping
  5690 | D:6      | Reached skill level 8 in Long Blades
  5700 | D:6      | Reached skill level 5 in Fighting
  5713 | D:6      | HP: 1/62 [centaur/arrow (5)]
  5714 | D:6      | XOM: confuse monster(s)
  5717 | D:6      | Gained mutation: Your movements are less encumbered by
                  | armour. (ER -4) [demonic ancestry]
  5717 | D:6      | Reached XP level 9. HP: 2/68 MP: 9/9
  5718 | D:6      | Reached skill level 9 in Long Blades
  5765 | D:6      | Found Hyplase's General Store.
  5765 | D:6      | XOM: 2-stop teleportation journey
  5873 | D:5      | XOM: give mutations
  5873 | D:5      | Gained mutation: Your muscles are strong. (Str +4, Int/Dex
                  | -1) [Xom's mischief]
  5873 | D:5      | Gained mutation: You have a pair of small horns on your
                  | head. [Xom's mischief]
  6069 | D:6      | XOM: scenery: summon butterflies
  6073 | D:6      | XOM: cleaving
  6411 | D:6      | Found Tustrorr's Antique Armour Shoppe.
  6432 | D:6      | Reached skill level 5 in Armour
  6432 | D:6      | Reached skill level 1 in Stealth
  6957 | D:6      | Found an opulent altar of Gozag.
  7101 | D:6      | XOM: god gift: cloak {god gift}
  7228 | D:7      | Found a hazy altar of Hepliaklqana.
  7254 | D:7      | Found a shadowy altar of Dithmenos.
  7311 | D:7      | XOM: confusion (+ monsters)
  7313 | D:7      | XOM: potion effect (berserk rage)
  7314 | D:7      | Reached skill level 10 in Long Blades
  7321 | D:7      | XOM: potion effect (curing)
  8483 | D:8      | XOM: fog
  8485 | D:8      | Reached skill level 11 in Long Blades
  8485 | D:8      | Gained mutation: You have a small tail. [demonic ancestry]
  8485 | D:8      | Reached XP level 10. HP: 74/74 MP: 10/10
  8552 | D:8      | XOM: give mutation
  8552 | D:8      | Gained mutation: You are strong-willed. (Will+) [Xom's
                  | mischief]
  8613 | D:8      | XOM: give mutations
  8613 | D:8      | Gained mutation: Your body sometimes deteriorates upon
                  | taking damage. [Xom's mischief]
  8613 | D:8      | Gained mutation: You are frail. (-10% HP) [Xom's mischief]
  8613 | D:8      | Lost mutation: Your muscles are strong. (Str +4, Int/Dex
                  | -1) [Xom's mischief]
  8762 | D:8      | Identified the +6 dagger "Toarpha" {spect, Drain rPois rF++
                  | rC+}
  8788 | D:8      | XOM: 3-stop teleportation journey
  8867 | D:8      | XOM: summons 4 hostile shadow creatures
  8881 | D:8      | Paralysed by a hornet for 1 turns
  8953 | D:8      | XOM: give mutations
  8953 | D:8      | Gained mutation: You occasionally shout uncontrollably at
                  | your foes. [Xom's mischief]
  8953 | D:8      | Gained mutation: You are weak. (Str -2) [Xom's mischief]
  8953 | D:8      | Gained mutation: You occasionally lose the ability to read
                  | scrolls when taking damage. [Xom's mischief]
  8953 | D:8      | Gained mutation: You sometimes lose the ability to read
                  | scrolls when taking damage. [Xom's mischief]
  9019 | D:8      | Found a sacrificial altar of Ru.
  9074 | D:8      | XOM: summons friendly ufetubus
  9075 | D:8      | XOM: divination: detect items
  9096 | D:8      | XOM: divination: magic mapping
  9364 | D:8      | XOM: summons friendly iron imp
  9930 | D:9      | Reached skill level 12 in Long Blades
  9960 | D:9      | XOM: 3-stop teleportation journey
  9980 | D:9      | XOM: summons 10 friendly demons
 10242 | D:9      | XOM: cast spell 'Alistair's Intoxication'
 10246 | D:9      | XOM: confuse monster(s)
 10247 | D:9      | Reached XP level 11. HP: 67/74 MP: 11/11
 10330 | D:9      | XOM: summons 8 friendly demons
 10355 | D:9      | XOM: god gift: 7 stones
 10362 | D:9      | XOM: give mutation
 10362 | D:9      | Gained mutation: You have sharp toenails. [Xom's grace]
 10458 | D:9      | XOM: enchant monster (bad)
 10524 | D:9      | Found File's Armour Shop.
 10686 | D:9      | XOM: god gift: potion of invisibility
 10938 | D:10     | Entered Level 10 of the Dungeon
 10993 | D:10     | Reached skill level 13 in Long Blades
 11093 | D:10     | Found a sparkling altar of Nemelex Xobeh.
 11116 | D:10     | Found a bloodstained altar of Trog.
 11191 | D:10     | XOM: enchant monster (bad)
 11380 | D:10     | XOM: give mutations
 11380 | D:10     | Lost mutation: Your body sometimes deteriorates upon taking
                  | damage. [Xom's mischief]
 11380 | D:10     | Lost mutation: You have sharp toenails. [Xom's mischief]
 11380 | D:10     | Gained mutation: You are very frail. (-20% HP) [Xom's
                  | mischief]
 11380 | D:10     | Lost mutation: You are weak. (Str -2) [Xom's mischief]
 11502 | D:10     | XOM: cleaving
 11837 | D:10     | XOM is BORED!
 11837 | D:10     | XOM: stat loss: -3 Dex (13/16)
 11965 | D:10     | Noticed a two-headed ogre
 11966 | D:10     | XOM: summons 11 friendly demons
 11974 | D:10     | Killed a two-headed ogre
 12065 | D:10     | XOM: give mutations
 12065 | D:10     | Gained mutation: You are agile. (Dex +4, Str/Int -1) [Xom's
                  | grace]
 12065 | D:10     | Gained mutation: You passively map a small area around you.
                  | [Xom's grace]
 12065 | D:10     | Gained mutation: You have large cloven feet. [Xom's grace]
 12278 | D:10     | XOM: noise
 12326 | D:10     | Noticed Amaemon
 12328 | D:10     | XOM: confuse monster(s)
 12333 | D:10     | XOM: cast spell 'Summon Mana Viper'
 12341 | D:10     | Killed Amaemon
 12641 | D:10     | XOM: god gift: phantom mirror
 12995 | D:11     | XOM: blink monster(s)
 13168 | D:11     | Noticed a two-headed ogre
 13168 | D:11     | XOM: 3-stop teleportation journey
 13176 | D:11     | XOM: cast spell 'Call Canine Familiar'
 13181 | D:11     | Killed a two-headed ogre
 13182 | D:11     | Reached skill level 14 in Long Blades
 13370 | D:11     | Found a staircase to the Lair.
 13377 | D:11     | XOM: noise
 13710 | D:11     | Noticed Gastronok
 13719 | D:11     | XOM: confuse monster(s)
 13722 | D:11     | Killed Gastronok
 13775 | D:11     | XOM: 8-stop teleportation journey
 13929 | D:11     | XOM: 1-stop teleportation journey
 13964 | D:11     | Reached XP level 12. HP: 61/72 MP: 12/12
 14039 | D:11     | Found the +2 hat of the Bear Spirit {Spirit, *Rage Will++}
 14427 | Lair:1   | Entered Level 1 of the Lair of Beasts
 14427 | Lair:1   | XOM: cloud trail
 14554 | Lair:1   | XOM: 8-stop teleportation journey
 14572 | Lair:1   | Reached skill level 5 in Shields
 14573 | Lair:1   | XOM: polymorph yak -> black bear
 14697 | Lair:1   | Got the Dissertation on Metal
 14928 | Lair:1   | XOM: god gift: staff of earth
 15226 | Lair:1   | Noticed a catoblepas
 15236 | Lair:1   | XOM: smoke on damage
 15252 | Lair:1   | XOM: divination: detect creatures
 15258 | Lair:1   | Killed a catoblepas
 15644 | Lair:1   | XOM: cloud trail
 15738 | Lair:2   | XOM: 2-stop teleportation journey
 15902 | Lair:2   | XOM: summons 12 friendly demons
 15909 | Lair:2   | XOM: swap monsters
 15920 | Lair:2   | Reached skill level 5 in Dodging
 16062 | Lair:2   | Noticed a five-headed hydra
 16069 | Lair:2   | Killed a one-headed hydra
 16075 | Lair:2   | XOM: god gift: potion of ambrosia
 16108 | Lair:2   | Found a staircase to the Shoals.
 16460 | Lair:2   | XOM: give mutations
 16460 | Lair:2   | Gained mutation: You frequently scream uncontrollably at
                  | your foes. [Xom's mischief]
 16460 | Lair:2   | Gained mutation: Your spells are a little easier to cast,
                  | but a little less powerful. [Xom's mischief]
 16460 | Lair:2   | Lost mutation: You are agile. (Dex +4, Str/Int -1) [Xom's
                  | mischief]
 16460 | Lair:2   | Lost mutation: You have large cloven feet. [Xom's mischief]
 16635 | Lair:2   | XOM: give mutations
 16635 | Lair:2   | Gained mutation: Your system is resistant to poisons.
                  | (rPois) [Xom's grace]
 16635 | Lair:2   | Gained mutation: Your mind is acute. (Int +4, Str/Dex -1)
                  | [Xom's grace]
 16635 | Lair:2   | Gained mutation: Your muscles are strong. (Str +4, Int/Dex
                  | -1) [Xom's grace]
 16831 | Lair:3   | XOM: divination: detect creatures
 16971 | Lair:3   | XOM: divination: detect items
 17071 | Lair:3   | XOM: noise
 17801 | Lair:3   | Found a hole to the Spider Nest.
 17807 | Lair:3   | XOM: smoke on damage
 17809 | Lair:3   | XOM: god gift: broad axe {god gift}
 17822 | Lair:3   | Reached skill level 15 in Long Blades
 18105 | Lair:4   | Found a runed translucent door.
 18105 | Lair:4   | Noticed Kyusiynim's ghost (journeyman GnEn)
 18138 | Lair:4   | XOM: noise
 18239 | Lair:4   | XOM: summons friendly sixfirhy
 18247 | Lair:4   | Reached XP level 13. HP: 71/79 MP: 13/13
 18372 | Lair:4   | XOM is BORED!
 18372 | Lair:4   | XOM: stat loss: -2 Str (19/21)
 18594 | Lair:4   | Found an ancient bone altar of Kikubaaqudgha.
 18601 | Lair:4   | Found a viscous altar of Jiyva.
 18602 | Lair:4   | Found a staircase to the Slime Pits.
 18636 | Lair:4   | XOM: blink monster(s)
 18735 | Lair:4   | XOM: noise
 18773 | Lair:4   | XOM: silly message
 18775 | Lair:4   | XOM: give mutations
 18775 | Lair:4   | Lost mutation: Your system is resistant to poisons. (rPois)
                  | [Xom's mischief]
 18775 | Lair:4   | Lost mutation: Your spells are a little easier to cast, but
                  | a little less powerful. [Xom's mischief]
 18775 | Lair:4   | Gained mutation: You are extremely frail. (-30% HP) [Xom's
                  | mischief]
 19179 | Lair:4   | XOM: noise
 19204 | Lair:4   | XOM: confusion (+ monsters)
 19224 | Lair:4   | Killed Kyusiynim's ghost
 19315 | Lair:4   | XOM: give mutations
 19315 | Lair:4   | Lost mutation: You passively map a small area around you.
                  | [Xom's mischief]
 19315 | Lair:4   | Gained mutation: Your spells are a little easier to cast,
                  | but a little less powerful. [Xom's mischief]
 19315 | Lair:4   | Lost mutation: Your mind is acute. (Int +4, Str/Dex -1)
                  | [Xom's mischief]
 19484 | Lair:5   | Entered Level 5 of the Lair of Beasts
 19767 | Lair:5   | XOM: noise
 20234 | Lair:5   | XOM: silly message
 20382 | Lair:5   | XOM: polymorph sixfirhy -> smoke demon
 20448 | Lair:4   | XOM: give mutations
 20448 | Lair:4   | Lost mutation: Your muscles are strong. (Str +4, Int/Dex
                  | -1) [Xom's mischief]
 20448 | Lair:4   | Lost mutation: You frequently scream uncontrollably at your
                  | foes. [Xom's mischief]
 20448 | Lair:4   | Lost mutation: You sometimes lose the ability to read
                  | scrolls when taking damage. [Xom's mischief]
 20788 | Lair:5   | XOM: enchant monster (bad)
 20791 | Lair:5   | XOM: polymorph blink frog -> black mamba
 20801 | Lair:5   | XOM: enchant monster (bad)
 20809 | Lair:5   | XOM: polymorph sixfirhy -> sun demon
 20981 | Lair:4   | XOM: give mutations
 20981 | Lair:4   | Gained mutation: You have a somewhat thin skeletal
                  | structure. (Dex +2, Stealth+) [Xom's grace]
 20981 | Lair:4   | Lost mutation: Your spells are a little easier to cast, but
                  | a little less powerful. [Xom's grace]
 20981 | Lair:4   | Gained mutation: Your flesh is heat resistant. (rF+) [Xom's
                  | grace]
 21177 | Lair:5   | XOM: torment (34/70 hp)
 21329 | Lair:5   | XOM: silly message
 21332 | Lair:5   | XOM: summons 4 hostile shadow creatures
 21704 | Lair:5   | Slain by a death yak

Illustrated notes

Levels and vault maps discovered:
D:1:      spicycebolla_arrival_risky_transporter, layout_loops_ring,
          chequers_ecumenical_altar_simple, st_stairs_9,
          chequers_serial_rivers_micro_d
D:2:      layout_loops_ring, guppyfry_early_lair_pool
D:3:      layout_loops_cross, grunt_qazlal_clouds
D:4:      layout_basic, kennysheep_slug_shrine, nicolae_overflow_crystal_walls,
          kennysheep_okawaru_gauntlet, chequers_serial_rivers_small_3,
          lexackson_kobold_supper
D:5:      layout_loops_ring, mainiacjoe_overflow_24_doors, elyvilon_altar_1,
          nicolae_overflow_hidden_temple, minmay_temple_entry_antechambers,
          uniq_ijyb
D:6:      cheibrodos_barr_body, layout_loops_ring, grunt_gozag_statues,
          gup_sewer_entry_spiral, serial_shops, nicolae_stop_n_shop_2,
          nicolae_stop_n_shop_1, nicolae_shop_bloodbath_and_beyond,
          nicolae_shop_waterfront, minmay_misc_feat_roman
D:7:      layout_loops_corners, kennysheep_mini, kennysheep_little_box,
          kennysheep_path_1, kennysheep_generic_room_6
D:8:      layout_basic, nicolae_ru_path_of_blood
D:9:      layout_small_grid, nicolae_tso_carved_into_rock, dk_vineyard_1,
          minmay_shop_grid_forest
D:10:     layout_loops_corners, trog_ov_bears_minmay,
          nemelex_xobeh_ov_fountains_minmay, minmay_misc_feat_ornament,
          nrook_uturn, uniq_amaemon
D:11:     layout_stronghold, david_lair_generic, uniq_gastronok
Temple:   nicolae_temple_colour_theory
Lair:1:   layout_loops_ring, serial_bayou_shore_a
Lair:2:   layout_cave_pods, shoals_dummy_entry, infiniplex_staircase_pool_2
Lair:3:   layout_regular_city, spider_nest_entry_funnel_web
Lair:4:   layout_layer_cave, slime_entry_1, hellmonk_ghost_happy_afterlife,
          lemuel_oklob_altar
Lair:5:   grunt_lair_end_beastmaster, layout_hall_layers, serial_bayou_pond_e

Skill      XL: |  1  2  3  4  5  6  7  8  9 10 11 12 13 |
---------------+----------------------------------------+-----
Long Blades    | 2 3 4 5 6 8 11 12 14 15 | 15.6
Armour         | 3 4 5 6 7 9 |  9.0
Shields        | 3 4 6 7 |  7.3
Fighting       | 4 5 6 7 8 9 |  9.4
Dodging        | 1 2 3 4 5 |  5.8
Stealth        | 2 3 4 |  4.4
Evocations     | |  0.7

Action                   |  1- 3 |  4- 6 |  7- 9 | 10-12 | 13-15 || total
-------------------------+-------+-------+-------+-------+-------++-------
Melee: Long sword        |   120 |   111 |   182 |   514 |   216 ||  1143
       Headbutt          |       |       |    16 |   109 |    70 ||   195
       Tailslap          |       |       |       |    86 |    40 ||   126
       Kick              |       |       |       |    84 |       ||    84
Evoke: Wand              |       |     2 |       |       |       ||     2
  Use: Scroll            |       |     7 |     8 |     8 |     7 ||    30
       Potion            |       |     1 |     6 |     5 |     5 ||    17
 Stab: Invisible         |       |       |     2 |       |       ||     2
       Confused          |       |       |       |     3 |     3 ||     6
       Sleeping          |       |       |       |     2 |       ||     2
Armor: Scale mail        |    53 |    52 |    57 |   101 |       ||   263
       Skin              |       |       |    10 |       |       ||    10
       Plate armour      |       |       |       |    39 |    65 ||   104
Dodge: Dodged            |    55 |    64 |    58 |   190 |    95 ||   462
Block: Buckler           |    19 |    22 |    28 |   180 |   131 ||   380
